 Dungeon Crawl Stone Soup version 0.30-b1-2-g02819fbbbe (webtiles) character file.

Game seed: 9953870486402444918

6848 Turgor the Destroyer (level 10, 0/114 HPs)
             Began as a Demonspawn Hedge Wizard on May 13, 2023.
             Was a Priest of Makhleb.
             Slain by a troll (3 damage)
             ... on level 9 of the Dungeon.
             The game lasted 01:24:16 (10505 turns).

Turgor the Destroyer (Demonspawn Hedge Wizard)     Turns: 10505, Time: 01:24:17

Health: 0/114      AC: 25    Str: 11    XL:     10   Next: 78%
Magic:  19/19      EV:  2    Int: 22    God:    Makhleb [***...]
Gold:   531        SH:  0    Dex: 21    Spells: 9/21 levels left

rFire   . . .        q - +4 dagger
rCold   . . .        (no shield)
rNeg    + . .        y - melded +2 robe {rC+ rF+}
rPois   +            u - melded +0 helmet
rElec   .            z - melded +0 cloak
rCorr   .            (gloves currently unavailable)
SInv    .            l - melded +1 pair of boots
Will    .....        (no amulet)
Stlth   ++           A - +6 ring of dexterity
HPRegen 0.39/turn    D - ring of Bent {rN+ Int+2 Dex+3}
MPRegen 0.16/turn

%: no passive effects
@: tree-form
A: stationary, stasis, torment immunity, boosted hp, (molten scales 1), demonic
guardian 1, (spiny 1), (demonic touch 1)
a: Renounce Religion, Minor Destruction, Lesser Servant of Makhleb


You were on level 9 of the Dungeon.
You worshipped Makhleb.
Makhleb was most pleased with you.
You were a tree.
You visited 1 branch of the dungeon, and saw 9 of its levels.

You collected 609 gold pieces.
You spent 78 gold pieces at shops.

Inventory:

Hand Weapons
 q - a +4 dagger (weapon)
Missiles
 b - 8 poisoned darts
Armour
 l - a +1 pair of boots (melded)
 u - a +0 helmet (melded)
 y - a +2 robe of resistance (melded)
 z - a +0 cloak (melded)
Magical Staves
 j - a staff of air
Jewellery
 m - an amulet of magic regeneration
 o - an amulet of the acrobat
 A - a +6 ring of dexterity (left branch)
 D - the ring of Bent (right branch) {rN+ Int+2 Dex+3}
   (You took it off a gnoll on level 7 of the Dungeon)

   [ring of positive energy]

   Int:       It affects your intelligence (+2).
   Dex:       It affects your dexterity (+3).
   rN:        It protects you from negative energy.
Wands
 s - a wand of polymorph (2)
 E - a wand of acid (2)
Scrolls
 c - a scroll of magic mapping
 e - 3 scrolls of amnesia {unknown}
 f - a scroll of enchant weapon
 i - 4 scrolls of teleportation
 n - a scroll of brand weapon
 t - a scroll of enchant armour
 v - 3 scrolls of immolation {unknown}
 w - 4 scrolls of fear {unknown}
Potions
 a - a potion of attraction
 d - a potion of magic
 h - 2 potions of heal wounds
 k - a potion of invisibility
 p - 3 potions of flight
 C - 2 potions of mutation
 F - a potion of resistance


   Skills:
 - Level 5.8 Fighting
 - Level 1.1 Short Blades
 - Level 3.0 Dodging
 - Level 2.0 Stealth
 + Level 6.0 Spellcasting
 * Level 9.2 Conjurations
 - Level 2.4 Summonings
 - Level 0.8 Translocations
 * Level 8.7 Air Magic
 - Level 3.3 Poison Magic
 - Level 1.9 Invocations


You had 9 spell levels left.
You knew the following spells:

 Your Spells              Type           Power      Damage    Failure   Level
a - Magic Dart            Conj           100%       1d8       1%          1
b - Call Imp              Summ           34%        N/A       4%          2
c - Mephitic Cloud        Conj/Pois/Air  37%        N/A       1%          3
d - Conjure Ball Lightni  Conj/Air       23%        3x3d6     34%         6

Your spell library contained the following spells:

 Spells                   Type           Power      Damage    Failure   Level
 Cigotuvi's Dreadful Rot  Necr/Pois/Air  48%        N/A       2%          2
 Apportation              Tloc           20%        N/A       6%          1
 Slow                     Hex            24%        N/A       9%          1
 Blink                    Tloc           20%        N/A       10%         2
 Dispel Undead            Necr           6%         3d8       65%         4
 Alistair's Intoxication  Tmut/Pois      8%         N/A       77%         5
 Death Channel            Necr           3%         N/A       100%        6
 Discord                  Hex            3%         N/A       100%        8
 Disjunction              Tloc           5%         N/A       100%        8


Dungeon Overview and Level Annotations

Branches:
Dungeon (9/15)             Temple (0/1) D:5
   Lair: D:8-11         Orc: D:9-12

Altars:
Cheibriados
Dithmenos
Gozag
Makhleb
Okawaru
Wu Jian
Yredelemnul

Shops:
D:9 ?=:

Portals:
Abyss: D:4

Annotations:
D:4 2 transporters, diceflayer's ghost, amateur DsHu
D:5 3 runed translucent doors, zkyp's ghost, novice AtWr
D:9 1 transporter


Innate Abilities, Weirdness & Mutations

You are a tree.
Your roots penetrate the ground, keeping you stationary.
You cannot be teleported.
You are immune to unholy pain and torment.
Your maximum health is greatly increased.
Your equipment is partially melded.
((You are partially covered in molten scales. (AC +2)))
A weak demonic guardian rushes to your aid.
((You are partially covered in sharp spines.))
((Your touch may inflict minor irresistible damage on your foes.))


Message History

Really quaff the potion of lignification?
You turn into a tree.
Your +0 cloak melds into your body.
Your +0 helmet melds into your body.
Your +1 pair of boots melds into your body.
Your +2 robe of resistance melds into your body.
You feel hot and cold all over.
Your roots penetrate the ground.
The troll bites you but does no damage. The troll barely misses you.
The troll claws you but does no damage.
You hit the troll.
The troll is severely wounded.
The troll completely misses you. The troll claws you. x2
You barely miss the troll.
The troll is severely wounded.
The troll bites you. The troll claws you!
The troll claws you but does no damage.
You hit the troll.
The troll is severely wounded.
The troll bites you but does no damage. The troll claws you!
* * * LOW HITPOINT WARNING * * *
The troll claws you but does no damage.
You hit the troll.
The troll is severely wounded.
The troll completely misses you. The troll claws you but does no damage.
The troll claws you.
* * * LOW HITPOINT WARNING * * *
A demonic guardian appears!
You hit the troll but do no damage.
The troll is severely wounded.
The troll bites you but does no damage. The troll claws you but does no damage.
The troll claws you!
* * * LOW HITPOINT WARNING * * *
You hit the troll. You punch the troll, but do no damage.
The troll is severely wounded.
The troll bites you!
* * * LOW HITPOINT WARNING * * *
The troll claws you but does no damage. x2
You closely miss the troll.
The troll is severely wounded.
The troll bites you.
You die...

...## #.# .### #.# .#
#######.## .#
#........#######
.######..............###
................###...<
#######..#..#.#.# #..#
#..#..#.#.###..#
#..#..^..5♣TKK.#
#.....#.#.####.# ##.####.#.#
.# #......#.. .#
######.###########
############.# #......>######
#........##..# #.###........#
#.######.#.#.###.#.......##.#
#.# #..###.##.....#.#.##.#


You could see a troll (ally target), a kobold brigand, a kobold and a friendly
ufetubus (summoned).

Vanquished Creatures
  A two-headed ogre (D:7)
  A troll (D:8)
  A hornet (D:8)
  Sigmund (D:3)
  2 shadows (D:9)
  2 wyverns
  8 yaks
  A steam dragon (D:8)
  A black bear (D:6)
  4 orc warriors
  2 ice beasts
  3 ogres (D:6)
  3 centaurs
  A phantom (D:4)
  Blork the orc (D:6)
  3 bullfrogs
  A gnoll sergeant (D:7)
  3 scorpions
  15 wights
  9 killer bees
  3 howler monkeys
  3 jellies
  7 hounds
  A gnoll bouda (D:5)
  2 orc priests
  4 sleepcaps
  An iguana (D:4)
  An orc wizard (D:6)
  8 adders
  14 gnolls
  2 shadow imps
  A white imp (D:6)
  An ufetubus (D:6)
  2 adder zombies (D:3)
  A dart slug (D:1)
  25 orcs
  8 ball pythons
  4 bats
  6 endoplasms
  2 giant cockroaches
  3 goblins
  5 hobgoblins
  A quokka (D:2)
  A ball python zombie (D:3)
  3 frilled lizards
  4 kobolds
  4 rats
180 creatures vanquished.

Vanquished Creatures (collateral kills)
  A goblin (D:4)
1 creature vanquished.

Vanquished Creatures (others)
  An orc (D:6)
  A kobold (D:9)
2 creatures vanquished.

Grand Total: 183 creatures vanquished

Notes
Turn   | Place    | Note
-------+----------+-------------------------------------------
     0 | D:1      | Turgor the Demonspawn Hedge Wizard began the quest for the
                  | Orb.
     0 | D:1      | Reached XP level 1. HP: 13/13 MP: 4/4
   525 | D:1      | Gained mutation: A weak demonic guardian rushes to your
                  | aid. [demonic ancestry]
   525 | D:1      | Reached XP level 2. HP: 19/19 MP: 0/6
  1019 | D:1      | Learned a level 2 spell: Call Imp
  1495 | D:2      | Found a burning altar of Makhleb.
  1503 | D:2      | Became a worshipper of Makhleb the Destroyer
  1645 | D:2      | Gained mutation: You are partially covered in sharp spines.
                  | [demonic ancestry]
  1645 | D:2      | Reached XP level 3. HP: 24/24 MP: 4/7
  1709 | D:2      | Learned a level 3 spell: Mephitic Cloud
  1851 | D:2      | Reached skill level 2 in Conjurations
  1927 | D:2      | Reached skill level 1 in Air Magic
  2463 | D:3      | Reached XP level 4. HP: 30/30 MP: 4/8
  2770 | D:3      | Found a basalt altar of Yredelemnul.
  2984 | D:3      | Noticed Sigmund
  3674 | D:4      | Noticed a phantom
  3685 | D:4      | Killed a phantom
  3686 | D:4      | Reached skill level 3 in Conjurations
  3686 | D:4      | Reached skill level 1 in Poison Magic
  3686 | D:4      | Gained mutation: You are partially covered in molten
                  | scales. (AC +2) [demonic ancestry]
  3686 | D:4      | Reached XP level 5. HP: 35/35 MP: 5/10
  3845 | D:4      | Found an opulent altar of Gozag.
  3849 | D:4      | Reached XP level 6. HP: 41/41 MP: 7/11
  3854 | D:4      | Found a snail-covered altar of Cheibriados.
  3905 | D:4      | Found an iron altar of Okawaru.
  4016 | D:4      | Found a one-way gate to the infinite horrors of the Abyss.
  4016 | D:4      | Noticed diceflayer's ghost (amateur DsHu)
  4053 | D:4      | Noticed a small abomination
  4074 | D:4      | Found a transporter.
  4075 | D:4      | Found a transporter.
  4097 | D:4      | Noticed a small abomination
  4207 | D:4      | Noticed a wyvern
  4260 | D:4      | Killed a wyvern
  4261 | D:4      | Reached skill level 4 in Conjurations
  4554 | D:5      | Entered Level 5 of the Dungeon
  4695 | D:5      | Found an ornate altar of the Wu Jian Council.
  4831 | D:5      | Found a staircase to the Ecumenical Temple.
  4847 | D:5      | Reached XP level 7. HP: 46/46 MP: 9/13
  4935 | D:5      | Found a runed translucent gate.
  4937 | D:5      | Found a runed translucent gate.
  4938 | D:5      | Found a runed translucent gate.
  5099 | D:5      | Noticed zkyp's ghost (novice AtWr)
  5632 | D:4      | Reached skill level 1 in Fighting
  6029 | D:4      | Reached skill level 5 in Conjurations
  6094 | D:4      | Reached * piety under Makhleb
  6187 | D:3      | Killed Sigmund
  6188 | D:3      | Gained mutation: Your touch may inflict minor irresistible
                  | damage on your foes. [demonic ancestry]
  6188 | D:3      | Reached XP level 8. HP: 56/56 MP: 10/14
  6261 | D:5      | Reached skill level 6 in Conjurations
  6261 | D:5      | Reached skill level 5 in Air Magic
  6885 | D:6      | Reached skill level 5 in Fighting
  6902 | D:6      | Noticed Blork the orc
  6974 | D:6      | Reached XP level 9. HP: 68/68 MP: 15/15
  6987 | D:6      | Killed Blork the orc
  7009 | D:6      | Learned a level 6 spell: Conjure Ball Lightning
  7619 | D:7      | Reached ** piety under Makhleb
  7733 | D:7      | Noticed a two-headed ogre
  7743 | D:7      | Killed a two-headed ogre
  7744 | D:7      | Reached skill level 7 in Conjurations
  7744 | D:7      | Reached skill level 1 in Invocations
  7809 | D:7      | Identified the +4 mace of Caubeb {freeze, Str+4 Int-5
                  | Dex+2}
  7834 | D:7      | Found a shadowy altar of Dithmenos.
  7994 | D:7      | Identified the ring of Bent {rN+ Int+2 Dex+3}
  8067 | D:7      | Reached skill level 5 in Spellcasting
  8381 | D:8      | Reached XP level 10. HP: 76/76 MP: 10/17
  8482 | D:8      | Reached skill level 8 in Conjurations
  8919 | D:8      | Reached *** piety under Makhleb
  9954 | D:9      | Found Upriliqu's Magic Scroll Emporium.
  9961 | D:9      | Reached skill level 9 in Conjurations
 10017 | D:9      | Bought a scroll of identify for 26 gold pieces
 10017 | D:9      | Bought a scroll of identify for 26 gold pieces
 10017 | D:9      | Bought a scroll of identify for 26 gold pieces
 10104 | D:9      | Found a transporter.
 10106 | D:9      | Found Cugakh's Jewellery Shoppe.
 10136 | D:9      | Found Xeitugir's Book Emporium.
 10204 | D:9      | Reached skill level 1 in Short Blades
 10504 | D:9      | HP: 3/114 [troll (11)]
 10505 | D:9      | Slain by a troll

Illustrated notes

Levels and vault maps discovered:
D:1:      dpeg_arrival_erosion, layout_basic, dk_noncrumbling_2
D:2:      layout_basic, basic_altar, minivault_25, chequers_arboretum,
          grunt_decor_fettered
D:3:      layout_basic, nicolae_yredelemnul_corpse_copse, uniq_sigmund
D:4:      layout_gridville, grunt_temple_overflow_cloverleaf,
          gammafunk_ghost_abyssal_escape
D:5:      layout_basic, nicolae_wu_jian_wuxing_cycle, minmay_temple_entry_hall,
          gammafunk_ghost_icy
D:6:      layout_basic, minmay_misc_feat_more_columns, lightli_corner_chamber,
          uniq_blork_the_orc
D:7:      layout_rooms, mainiacjoe_overflow_cross_hatched
D:8:      layout_basic, grunt_decor_one_mirror, minmay_increasing_density
D:9:      layout_loops_corners, serial_shops, nicolae_shop_just_a_little_nook,
          nicolae_shop_tiny_waterfront, nicolae_shop_drivethru

Skill      XL: |  1  2  3  4  5  6  7  8  9 10 |
---------------+-------------------------------+-----
Summonings     | 2 |  2.4
Conjurations   | 2 3 4 5 6 7 9 |  9.2
Air Magic      | 1 2 3 4 6 7 8 |  8.7
Poison Magic   | 1 2 3 |  3.3
Spellcasting   | 4 5 6 |  6.0
Fighting       | 2 5 |  5.8
Dodging        | 2 3 |  3.0
Invocations    | 1 |  1.9
Stealth        | 2 |  2.0
Short Blades   | 1 |  1.1
Translocations | |  0.8

Action                     |  1- 3 |  4- 6 |  7- 9 | 10-12 || total
---------------------------+-------+-------+-------+-------++-------
  Melee: Dagger            |     4 |    39 |   157 |   107 ||   307
         Staff             |       |     1 |     6 |       ||     7
         Punch             |       |       |     5 |     3 ||     8
         Touch             |       |       |    31 |    23 ||    54
  Throw: Dart              |       |       |    15 |     1 ||    16
         Boomerang         |       |       |     1 |     4 ||     5
   Cast: Magic Dart        |   100 |    71 |   105 |    84 ||   360
         Mephitic Cloud    |       |     7 |    78 |    11 ||    96
         Call Imp          |       |     1 |       |       ||     1
  Evoke: Wand              |       |       |     1 |       ||     1
    Use: Scroll            |       |     2 |     4 |     9 ||    15
         Potion            |       |     4 |       |     1 ||     5
   Stab: Confused          |       |     2 |    19 |     8 ||    29
         Sleeping          |       |       |       |     1 ||     1
 Armour: Robe              |     3 |     3 |    20 |    27 ||    53
         Skin              |       |       |       |    10 ||    10
  Dodge: Dodged            |     8 |    30 |    70 |    74 ||   182
